 Dungeon Crawl Stone Soup version 0.30-a0-652-gcc886f7154 (webtiles) character file.

Game seed: 13806531882954051446

90 wormed the Insei (level 4, -2/29 HPs)
             Began as an Octopode Transmuter on Jan 17, 2023.
             Slain by an orc
             ... wielding a +3 dagger
              (6 damage)
             ... on level 3 of the Dungeon.
             The game lasted 00:02:31 (1786 turns).

wormed the Insei (Octopode Transmuter)              Turns: 1786, Time: 00:02:31

Health: -2/29      AC:  1    Str:  9    XL:     4   Next: 56%
Magic:  7/7        EV: 13    Int: 17    God:
Gold:   96         SH:  0    Dex: 12    Spells: 4/7 levels left

rFire   + . .      SeeInvis .      - Unarmed
rCold   x . .      Faith    .    (no shield)
rNeg    . . .      Spirit   .    (helmet restricted)
rPois   .          Reflect  .    d - amulet of magic regeneration
rElec   .          Harm     .    i - ring of fire
rCorr   .          Rampage  .    (no ring)
Will    .....                    (no ring)
Stlth   ++                       (no ring)
HPRegen 0.24/turn                (no ring)
MPRegen 0.50/turn                (no ring)
                                 (no ring)
                                 (no ring)

@: wereblooded
A: almost no armour, amphibious, 8 rings, camouflage 1, gelatinous body 1,
(nimble swimmer 1), tentacles
a: no special abilities


You were on level 3 of the Dungeon.
You visited 1 branch of the dungeon, and saw 3 of its levels.

You collected 96 gold pieces.

Inventory:

Jewellery
 d - an amulet of magic regeneration (around mantle)
 i - a ring of fire (left tentacle)
Scrolls
 b - a scroll of fear
Potions
 a - 2 potions of lignification
 c - 2 potions of might
 f - a potion of heal wounds {unknown}
 h - a potion of degeneration {unknown}


   Skills:
 + Level 1.7 Fighting
 + Level 2.5 Dodging
 + Level 3.3 Unarmed Combat
 + Level 2.3 Spellcasting
 * Level 3.0 Transmutations
 + Level 1.1 Ice Magic


You had 4 spell levels left.
You knew the following spells:

 Your Spells              Type           Power      Damage    Failure   Level
a - Beastly Appendage     Tmut           24%        N/A       5%          1
b - Wereblood             Tmut           12%        N/A       9%          2

Your spell library contained the following spells:

 Spells                   Type           Power      Damage    Failure   Level
 Spider Form              Tmut/Pois      7%         N/A       30%         3
 Ice Form                 Ice/Tmut       9%         N/A       61%         4


Dungeon Overview and Level Annotations

Branches:
Dungeon (3/15)

Altars:


Innate Abilities, Weirdness & Mutations

You cannot wear most types of armour.
You are amphibious.
You can wear up to eight rings at the same time.
Your skin changes colour to match your surroundings (Stealth+).
Your rubbery body absorbs attacks. (AC +1, EV +1)
((You are camouflaged when in or above water. (Stealth+)))
You have tentacles for arms and can constrict up to eight enemies at once.


Message History

Your tentacle spike disappears.
You constrict the orc.
You feel a bit better.
You kill the orc!
Items here: )) [[.
You tentacle-slap the orc. You grab the orc.
The orc is heavily wounded.
You constrict the orc. The orc hits you with a +0 mace.
* * * LOW HITPOINT WARNING * * *
You tentacle-slap the orc.
You feel a bit better.
You kill the orc!
The orc misses you. The orc priest barely misses you.
Things that are here:
a +0 mace; a +0 leather armour; an orc corpse You tentacle-slap the orc priest.
You grab the orc priest.
The orc priest is heavily wounded.
You constrict the orc priest, but do no damage.
The orc hits you with a +3 dagger.
* * * LOW HITPOINT WARNING * * *
The orc priest misses you.
You bludgeon the orc priest!
The orc priest is almost dead.
You constrict the orc priest, but do no damage.
The orc misses you. The orc priest closely misses you.
You tentacle-slap the orc priest but do no damage.
The orc priest is almost dead.
You constrict the orc priest. The orc hits you with a +3 dagger.
* * * LOW HITPOINT WARNING * * *
The orc priest looks encouraged for a moment.
You tentacle-slap the orc priest.
You feel a bit better.
You kill the orc priest!
The orc closely misses you.
Your Transmutations skill increases to level 3!
You closely miss the orc. You grab the orc.
You constrict the orc, but do no damage.
The orc hits you with a +3 dagger.
* * * LOW HITPOINT WARNING * * *
You tentacle-slap the orc.
The orc is heavily wounded.
You constrict the orc. The orc hits you with a +3 dagger.
You die...

.# ###### .# #..... .# #.####
?# #.# .# #######.####
##############.# .........).#
#..........)@o.#.#######.##.#
#.###########)...# #.##.# #.#
#.....# #.##.# ##.## ##...##
#..<.. #..†## ##.## ####.#
#....# .# #####.# #....# .#
#...... ####.# +# #.###.# #.#
#. #.#


You could see an orc.

Vanquished Creatures
  An orc priest (D:3)
  An adder (D:2)
  A worm (D:2)
  A dart slug (D:1)
  3 orcs (D:3)
  2 ball pythons
  2 endoplasms (D:1)
  2 giant cockroaches
  4 goblins
  5 hobgoblins
  4 jackals (D:2)
  2 quokkas
  5 bats
  2 frilled lizards
  4 kobolds
  A rat (D:1)
40 creatures vanquished.

Notes
Turn   | Place    | Note
-------+----------+-------------------------------------------
     0 | D:1      | wormed the Octopode Transmuter began the quest for the Orb.
     0 | D:1      | Reached XP level 1. HP: 13/13 MP: 3/3
   274 | D:1      | Reached XP level 2. HP: 18/18 MP: 3/5
   492 | D:1      | Found a faded altar of an unknown god.
  1067 | D:2      | Reached XP level 3. HP: 23/23 MP: 4/6
  1129 | D:2      | Learned a level 2 spell: Wereblood
  1603 | D:3      | Reached skill level 1 in Ice Magic
  1775 | D:3      | Reached XP level 4. HP: 13/28 MP: 7/7
  1786 | D:3      | Slain by an orc

Illustrated notes

Levels and vault maps discovered:
D:1:      psy_arrival_dodecagon, layout_basic, shapermc_ecumenical_altar_venn
D:2:      layout_rooms
D:3:      layout_loops_corners, uniq_natasha

Skill      XL: |  1  2  3  4 |
---------------+-------------+-----
Ice Magic      | 1 |  1.1
Transmutations | 3 |  3.0
Fighting       | |  1.7
Dodging        | |  2.5
Unarmed Combat | |  3.3
Spellcasting   | |  2.3

Action                   |  1- 3 |  4- 6 || total
-------------------------+-------+-------++-------
Melee: Unarmed           |    77 |    10 ||    87
       Kick              |    25 |     2 ||    27
       Constrict         |    22 |     4 ||    26
       Tentacles         |    16 |       ||    16
       Punch             |     1 |       ||     1
 Cast: Beastly Appendage |    26 |       ||    26
       Wereblood         |     7 |       ||     7
  Use: Scroll            |     7 |       ||     7
 Stab: Sleeping          |     4 |       ||     4
Armor: Skin              |     9 |       ||     9
Dodge: Dodged            |    53 |     6 ||    59

Table legend: (Time is in decaauts)
 A = Elapsed time spent in this place.
 B = Non-inter-level travel time spent in this place.
 C = Inter-level travel time spent in this place.
 D = Time resting spent in this place.
 E = Time spent auto-exploring this place.
 F = Levels seen in this place.
 G = Mean time per level.
                   A        B        C        D        E       F      G
               +--------+--------+--------+--------+--------+-----+--------+
         Total |   1779 |   1741 |     38 |    100 |   1341 |   3 |  593.0 |
       Dungeon |   1779 |   1741 |     38 |    100 |   1341 |   3 |  593.0 |
               +--------+--------+--------+--------+--------+-----+--------+

Top non-repeatable levels by time:
     D:1: 1019 daAuts
     D:2: 571 daAuts
     D:3: 189 daAuts
